 Dungeon Crawl Stone Soup version 0.27.1-33-g824d729ab1 (webtiles) character file.

Game seed: 16064460644884240065

4671 pkoi the Grappler (level 10, -1/85 (88) HPs)
             Began as a Troll Monk on Dec 15, 2021.
             Was an Elder of Elyvilon.
             Slain by Harold (17 damage)
             ... on level 8 of the Dungeon.
             The game lasted 00:11:10 (5882 turns).

pkoi the Grappler (Troll Monk)                      Turns: 5882, Time: 00:11:10

HP:   -1/85 (88)    AC:  6    Str: 22    XL:     10   Next: 21%
MP:   11/15         EV: 10    Int:  8    God:    Elyvilon [****..]
Gold: 323           SH:  0    Dex: 12    Spells: 9/9 levels left

rFire    . . .     SeeInvis .     - Unarmed
rCold    . . .     Faith    .   (no shield)
rNeg     . . .     Spirit   .   a - +0 robe
rPois    .         Reflect  .   h - +2 hat
rElec    .         Harm     .   (no cloak)
rCorr    .         Rampage  .   (gloves unavailable)
Will     .....                  (boots unavailable)
Stlth    ++........             q - amulet of the acrobat
HPRegen  1.24/turn              (no ring)
MPRegen  0.14/turn              (no ring)

@: lethally poisoned (-1 -> -4), marked, studying Bows, lightly drained
A: large, unfitting armour, claws 3, regeneration 1, shaggy fur 1, tough skin 1
a: Renounce Religion, Lesser Healing, Heal Other, Purification, Greater Healing,
Divine Protection


You were on level 8 of the Dungeon.
You worshipped Elyvilon.
Elyvilon was greatly pleased with you.
You visited 2 branches of the dungeon, and saw 9 of its levels.

You collected 323 gold pieces.

Inventory:

Hand Weapons
 t - the +8 spear "Ogreslayer" {flame, rElec rF+ Int-3}
   (You found it on level 5 of the Dungeon)

   It burns those it strikes, dealing additional fire damage.
   Int:       It affects your intelligence (-3).
   rF:        It protects you from fire.
   rElec:     It insulates you from electricity.
Missiles
 k - 2 throwing nets (quivered)
 n - 30 poisoned darts
Armour
 a - a +0 robe (worn)
 h - a +2 hat (worn)
Jewellery
 q - an amulet of the acrobat (around neck)
Wands
 d - a wand of polymorph (19)
 r - a wand of charming (9)
Scrolls
 b - 4 scrolls of identify
 g - a scroll of enchant weapon
 l - 4 scrolls of fog
 m - a scroll of enchant armour
 o - a scroll of amnesia
 p - a scroll of teleportation
 s - a scroll of noise {unknown}
Potions
 c - 3 potions of heal wounds
 e - a potion of resistance
 f - 3 potions of lignification {unknown}
 i - 2 potions of flight {unknown}
 j - 2 potions of curing
 u - a potion of attraction
 v - a potion of invisibility


   Skills:
 - Level 2.4 Fighting
 - Level 2.4 Dodging
 - Level 1.0 Stealth
 + Level 11.8 Unarmed Combat
 + Level 8.6 Invocations


You had 9 spell levels left.
You didn't know any spells.
Your spell library contained the following spells:

 Spells                   Type           Power      Damage    Failure   Level
 Magic Dart               Conj           0%         1d3       41%         1
 Call Imp                 Summ           0%         N/A       54%         2
 Mephitic Cloud           Conj/Pois/Air  0%         N/A       78%         3
 Ozocubu's Armour         Ice            0%         N/A       78%         3
 Freezing Cloud           Conj/Ice/Air   0%         6-21      100%        5
 Simulacrum               Ice/Necr       0%         N/A       100%        6
 Ozocubu's Refrigeration  Ice            0%         4d5       100%        7
 Polar Vortex             Ice            0%         N/A       100%        9


Dungeon Overview and Level Annotations

Branches:
Dungeon (8/15)             Temple (1/1) D:7
   Lair: D:8-11

Altars:
Ashenzari
Cheibriados
Dithmenos
Elyvilon
Fedhas
Gozag
Kikubaaqudgha
Nemelex Xobeh
Okawaru
Qazlal
Ru
Sif Muna
Trog
Uskayaw
Vehumet
Wu Jian
Xom
Yredelemnul
Zin
The Shining One

Annotations:
D:4 1 transporter
D:8 Harold


Innate Abilities, Weirdness & Mutations

You are too large for most types of armour.
You have claws for hands.
Your natural rate of healing is unusually fast.
You are covered in fur. (AC +1)
You have tough skin. (AC +1)


Message History

The killer bee stings you.
You barely miss the killer bee. You claw the killer bee.
The killer bee is moderately wounded.
The killer bee barely misses you. The killer bee closely misses you.
The killer bee stings you!
You closely miss the killer bee.
The killer bee is moderately wounded.
The killer bee stings you.
You are poisoned.
The killer bee poisons you! The killer bee stings you!
You barely miss Harold. You claw Harold!
Harold is lightly wounded.
You feel sick. The killer bee barely misses you. x2
You mangle Harold!!
Harold is heavily wounded.
You feel sick. The killer bee closely misses you.
Harold hits you with a +0 dire flail of draining!
* * * LOW HITPOINT WARNING * * *
You feel drained.
* * * LOW HITPOINT WARNING * * *
The killer bee stings you but does no damage.
Press: ? - help, Dir - move target, f - Harold Heal: Harold, wielding a +0 dire flail of draining, wearing a +0 scale mail and quivering 2 throwing nets (heavily wounded, chance to pacify: 14%)
The light of Elyvilon fails to reach Harold.
You feel sick. The killer bee stings you.
* * * LOW HITPOINT WARNING * * *
Harold casts a spell at you. A sentinel's mark forms upon you.
The killer bee misses you.
Press: ? - help, Dir - move target, f - killer bee, p - Harold Heal: a killer bee (moderately wounded, chance to pacify: 91%)
The killer bee turns neutral.
You heal the killer bee.
The killer bee is completely healed.
You feel sick.
The killer bee barely misses the killer bee.
The killer bee misses the killer bee.
The killer bee stings you!
* * * LOW HITPOINT WARNING * * *
You are more poisoned.
The killer bee poisons you!
The killer bee stings the killer bee.
Harold hits you with a +0 dire flail of draining!
You die...

##.....##
......... ###
#.#......####.y...
#.......<...yyy.#
..#####y#.##y#.#
.. #y##.#.# #. #y#
#.. #. #@##.#.#
#.#####@#.# .#
#.......y# #
##......##
#.######
###.#########.
#.............
#.#....)......
#.#.##########
#)#.#


You could see Harold, 3 killer bees and a neutral killer bee (wandering).

Vanquished Creatures
  A two-headed ogre (D:7)
  Grinder (D:3)
  A wraith (D:6)
  2 water moccasins (D:6)
  A hornet zombie (D:6)
  An ice beast (D:6)
  An orc warrior (D:8)
  A sky beast (D:6)
  3 black bears
  A necrophage (D:6)
  2 ogres
  A phantom (D:4)
  A kobold brigand (D:7)
  Blork the orc (D:6)
  2 wyvern zombies (D:6)
  2 bullfrogs
  2 gnoll sergeants (D:6)
  A scorpion (D:5)
  3 water moccasin zombies
  A water moccasin skeleton (D:5)
  3 killer bees
  4 wights
  4 centaur zombies
  13 bullfrog zombies
  2 jellies
  4 centaur skeletons
  4 hounds
  3 bullfrog skeletons (D:6)
  2 iguanas (D:5)
  2 orc wizards
  2 killer bee zombies (D:6)
  9 gnolls
  2 howler monkey skeletons
  9 adders
  2 white imps
  An ufetubus (D:5)
  3 worms
  2 dart slugs
  7 orcs
  4 ball pythons
  8 endoplasms
  2 giant cockroaches
  4 goblins
  9 hobgoblins
  23 jackals
  8 kobolds
  5 quokkas
  3 bats
  6 frilled lizards
  4 rats
183 creatures vanquished.

Vanquished Creatures (others)
  6 withered plants (D:6)
6 creatures vanquished.

Grand Total: 189 creatures vanquished

Notes
Turn   | Place    | Note
-------+----------+-------------------------------------------
     0 | D:1      | pkoi the Troll Monk began the quest for the Orb.
     0 | D:1      | Reached XP level 1. HP: 22/22 MP: 0/0
   127 | D:1      | Reached XP level 2. HP: 29/29 MP: 1/1
   307 | D:1      | Reached skill level 4 in Unarmed Combat
   307 | D:1      | Reached XP level 3. HP: 36/36 MP: 2/2
   339 | D:1      | Found a faded altar of an unknown god.
   841 | D:2      | Found a shimmering altar of Xom.
   935 | D:2      | Reached XP level 4. HP: 41/44 MP: 3/3
   997 | D:2      | Reached skill level 5 in Unarmed Combat
  1170 | D:3      | Noticed Grinder
  1191 | D:3      | Killed Grinder
  1192 | D:3      | Reached skill level 6 in Unarmed Combat
  1192 | D:3      | Reached XP level 5. HP: 15/50 MP: 4/4
  1192 | D:3      | Reached XP level 6. HP: 18/59 MP: 5/5
  1472 | D:3      | Reached skill level 7 in Unarmed Combat
  1533 | D:3      | Found an ornate altar of the Wu Jian Council.
  1972 | D:4      | Found a white marble altar of Elyvilon.
  2018 | D:4      | Became a worshipper of Elyvilon the Healer
  2018 | D:4      | Reached * piety under Elyvilon
  2018 | D:4      | Reached ** piety under Elyvilon
  2267 | D:4      | Reached skill level 1 in Invocations
  2426 | D:4      | Reached XP level 7. HP: 63/66 MP: 5/7
  2427 | D:4      | Reached skill level 8 in Unarmed Combat
  2519 | D:4      | Found a sparkling altar of Nemelex Xobeh.
  2519 | D:4      | Found a transporter.
  2569 | D:4      | Found a blossoming altar of Fedhas.
  2752 | D:5      | Entered Level 5 of the Dungeon
  3215 | D:5      | Found a bloodstained altar of Trog.
  3219 | D:5      | Identified the +8 spear "Ogreslayer" {flame, rElec rF+
                  | Int-3}
  3250 | D:5      | Reached *** piety under Elyvilon
  3258 | D:5      | Reached XP level 8. HP: 52/72 MP: 9/9
  3445 | D:5      | Reached skill level 9 in Unarmed Combat
  3497 | D:5      | Found a snail-covered altar of Cheibriados.
  4055 | D:6      | Reached skill level 5 in Invocations
  4203 | D:6      | Reached skill level 10 in Unarmed Combat
  4205 | D:6      | Reached XP level 9. HP: 61/80 MP: 12/12
  4438 | D:6      | Noticed Blork the orc
  4478 | D:6      | Killed Blork the orc
  4624 | D:6      | Reached skill level 11 in Unarmed Combat
  4926 | D:7      | Reached **** piety under Elyvilon
  5071 | D:7      | Noticed a two-headed ogre
  5099 | D:7      | Killed a two-headed ogre
  5100 | D:7      | Reached XP level 10. HP: 45/88 MP: 13/15
  5461 | D:7      | Found a staircase to the Ecumenical Temple.
  5477 | Temple   | Entered the Ecumenical Temple
  5865 | D:8      | Noticed Harold
  5882 | D:8      | Slain by Harold

Illustrated notes

Levels and vault maps discovered:
D:1:      nzn_arrival_depleted_hourglass, layout_rooms,
          hellmonk_ecumenical_altar_slurped_away
D:2:      layout_loops_ring, basic_altar
D:3:      layout_basic, pdpol_wu_jian_five_deadly_venoms, uniq_grinder
D:4:      layout_loops_ring, grunt_nemelex_the_gamble,
          nicolae_overflow_hidden_temple, elyvilon_altar_5
D:5:      layout_cave_pools, kennysheep_slug_shrine, trog_butcher_becter
D:6:      layout_rooms, serial_undead, serial_undead_a, serial_undead_b,
          serial_undead_e, serial_undead_e, serial_undead_b, serial_undead_e,
          serial_undead_b, serial_undead_d, serial_undead_b, serial_undead_f,
          hellmonk_bongcloud_opening, minmay_manual_mail, uniq_blork_the_orc
D:7:      layout_rooms, minmay_temple_entry_nine_rooms
D:8:      layout_loops_ring, mainiacjoe_overflow_paths,
          chequers_ossuary_entry_cave, gammafunk_ghost_spectres, uniq_harold,
          uniq_joseph
Temple:   dpeg_chambers_temple

Skill      XL: |  1  2  3  4  5  6  7  8  9 |
---------------+----------------------------+-----
Unarmed Combat | 4 6 7 8 10 11 | 11.8
Invocations    | 1 3 6 8 |  8.6
Fighting       | |  2.4
Dodging        | |  2.4
Stealth        | |  1.0

Action                   |  1- 3 |  4- 6 |  7- 9 | 10-12 || total
-------------------------+-------+-------+-------+-------++-------
Melee: Unarmed           |    98 |   112 |   319 |    41 ||   570
       Punch             |     1 |     1 |    11 |     3 ||    16
       Spear             |       |       |     1 |       ||     1
Invok: Heal Other        |       |       |       |     2 ||     2
  Use: Scroll            |       |       |    12 |       ||    12
       Potion            |       |       |     5 |       ||     5
 Stab: Sleeping          |     1 |     1 |     9 |       ||    11
       Invisible         |       |       |     1 |       ||     1
       Confused          |       |       |     2 |       ||     2
Armor: Robe              |    33 |    22 |    69 |    17 ||   141
       Skin              |       |       |     1 |       ||     1
Dodge: Dodged            |    54 |    50 |   191 |    30 ||   325
